 Dungeon Crawl Stone Soup version 0.29-a0-323-g050149af67 (webtiles) character file.

Game seed: 10007364970456610375

4489 zishaf the Archer (level 10, -4/147 HPs)
             Began as a Naga Hunter on Apr 11, 2022.
             Was a Follower of Cheibriados.
             Slain by a meliai simulacrum (12 damage)
             ... in a Gauntlet.
             The game lasted 00:21:12 (12124 turns).

zishaf the Archer (Naga Hunter)                    Turns: 12124, Time: 00:21:14

Health: -4/147     AC:  6    Str: 17    XL:     10   Next: 38%
Magic:  9/12       EV: 10    Int: 12    God:    Cheibriados [*.....]
Gold:   434        SH:  5    Dex: 22    Spells: 9/9 levels left

rFire   . . .      SeeInvis +   b - +2 dagger (elec)
rCold   . . .      Faith    .   (no shield)
rNeg    . . .      Spirit   .   f - +0 leather armour
rPois   +          Reflect  +   r - +0 helmet
rElec   .          Harm     .   (no cloak)
rCorr   .          Rampage  .   o - +0 pair of gloves
Will    ++...      NoTele   +   (no barding)
Stlth   ..........              E - amulet of reflection
HPRegen 0.34/turn               i - ring of willpower
MPRegen 0.13/turn               G - ring of flight

@: berserking, flying, very slow
A: AC +3, large, see invisible, deformed body, poison resistance, slowness 2,
spit poison 1, naga tail 1
a: Spit Poison, Renounce Religion, Bend Time


You were in a Gauntlet.
You worshipped Cheibriados.
Cheibriados was aware of your devotion.
You visited 2 branches of the dungeon, and saw 10 of its levels.
You also visited: Sewer, Ossuary and Gauntlet.

You collected 434 gold pieces.

Inventory:

Hand Weapons
 a - a +2 vorpal shortbow
 b - a +2 dagger of electrocution (weapon)
 e - a +1 dagger of venom
 C - a +4 long sword
Armour
 f - a +0 leather armour (worn)
 o - a +0 pair of gloves (worn)
 r - a +0 helmet (worn)
Jewellery
 i - a ring of willpower (left hand)
 z - an amulet of magic regeneration
 E - an amulet of reflection (around neck)
 F - an amulet of the acrobat
 G - a ring of flight (right hand)
Wands
 h - a wand of mindburst (17)
 u - a wand of digging (7)
Scrolls
 c - 4 scrolls of immolation
 l - 6 scrolls of teleportation
 v - 3 scrolls of amnesia
 A - a scroll of blinking
 B - 3 scrolls of fear
 D - a scroll of vulnerability
Potions
 d - a potion of ambrosia
 g - 2 potions of lignification
 j - 5 potions of mutation
 k - 2 potions of attraction
 m - a potion of berserk rage
 n - 4 potions of curing
 q - 2 potions of flight
 s - a potion of cancellation
 t - a potion of brilliance
 w - 4 potions of heal wounds
 x - a potion of invisibility


   Skills:
 + Level 8.6 Fighting
 * Level 11.4 Bows
 - Level 1.5 Dodging
 - Level 1.5 Stealth
 + Level 3.5 Invocations


You had 9 spell levels left.
You didn't know any spells.
Your spell library contained the following spells:

 Spells                   Type           Power      Damage    Failure   Level
 Sandblast                Erth           0%         2d4       38%         1
 Passwall                 Tmut/Erth      0%         N/A       52%         2
 Sublimation of Blood     Necr           0%         N/A       52%         2
 Stone Arrow              Conj/Erth      0%         3d7       77%         3
 Petrify                  Tmut/Erth      0%         N/A       99%         4
 Summon Ice Beast         Ice/Summ       0%         N/A       99%         4
 Irradiate                Conj/Tmut      0%         3d13      100%        5
 Summon Mana Viper        Hex/Summ       0%         N/A       100%        5
 Monstrous Menagerie      Summ           0%         N/A       100%        7


Dungeon Overview and Level Annotations

Branches:
Dungeon (11/15)            Temple (1/1) D:7             Orc (0/2) D:11
  Sewer (visited)         Ossuary (visited)         Gauntlet (1/1)
   Lair: D:8-11

Altars:
Ashenzari
Cheibriados
Fedhas
Gozag
Kikubaaqudgha
Makhleb
Nemelex Xobeh
Qazlal
Sif Muna
Trog
Uskayaw
Wu Jian
Yredelemnul
Zin
The Shining One

Shops:
D:1 !   D:3 ?

Annotations:
D:5 Sigmund
D:6 2 runed translucent doors Gauntlet 11 transporters


Innate Abilities, Weirdness & Mutations

Your serpentine skin is tough. (AC +3)
You have supernaturally acute eyesight. (SInv)
Armour fits poorly on your strangely shaped body.
Your system is resistant to poisons. (rPois)
You cover ground very slowly.
You can spit poison.
You have a snake-like lower body.


Message History

The arrow barely misses the meliai simulacrum.
The meliai simulacrum hits you! The meliai simulacrum freezes you!
The meliai simulacrum hits you. The meliai simulacrum freezes you!
The flow of time bends around you.
Cheibriados rebukes the meliai simulacrum.
The meliai simulacrum seems to slow down.
You block the meliai simulacrum's attack.
The meliai simulacrum hits you but does no damage.
You block the meliai simulacrum's attack.
The meliai simulacrum completely misses you.
You hear the crackle of electricity.
b - a +2 dagger of electrocution (weapon)
The meliai simulacrum hits you. The meliai simulacrum freezes you!
The meliai simulacrum closely misses you.
A red film seems to cover your vision as you go berserk!
Cheibriados forces you to slow down.
You feel mighty!
You block the meliai simulacrum's attack.
The meliai simulacrum hits you but does no damage.
The meliai simulacrum misses you.
You block the meliai simulacrum's attack.
You puncture the meliai simulacrum!
The meliai simulacrum is heavily damaged.
The meliai simulacrum hits you. The meliai simulacrum freezes you!
* * * LOW HITPOINT WARNING * * *
The meliai simulacrum completely misses you.
The meliai simulacrum hits you.
* * * LOW HITPOINT WARNING * * *
The meliai simulacrum freezes you!
* * * LOW HITPOINT WARNING * * *
The meliai simulacrum barely misses you.
You block the meliai simulacrum's attack.
The meliai simulacrum hits you.
* * * LOW HITPOINT WARNING * * *
The meliai simulacrum freezes you!
* * * LOW HITPOINT WARNING * * *
The meliai simulacrum hits you.
* * * LOW HITPOINT WARNING * * *
The meliai simulacrum freezes you!
You die...

########################
......................≈###
.......................#8#
#######...###########..###
......#.8.#^.....[)?#..#
#.#.#.#...#.^######!#..###
.#.#..#####.##....###..#8#
#.#.#.#...#.#.####.##..###
.©.#..#©.©#.##.Z@##.#©.#
#.#.#z#...##.####Z#.#..###
.#.#zz#######.Z..##.#..#8#
#.#z#z#...#©######^.#..###
...zzz#...##.......^#..#
#######...###########..###
........§§............≈#8#
.......§8§........∩...∩###
........≈.............§#


You could see a centaur warrior simulacrum and 2 meliai simulacra.

Vanquished Creatures
  A two-headed ogre (D:8)
  Pikel (D:6)
  A troll (D:6)
  Prince Ribbit (D:5)
  Edmund (D:5)
  3 water moccasins
  An ice beast (D:6)
  Pargi (Sewer)
  3 black bears
  A hornet zombie (D:7)
  A sky beast (D:7)
  An ogre (D:5)
  2 lemures (D:6)
  A phantom (D:3)
  A kobold brigand (D:8)
  A bullfrog (D:7)
  2 scorpions (D:6)
  6 wights
  4 killer bees (D:7)
  A centaur zombie (D:7)
  3 bullfrog zombies (D:7)
  7 hounds
  A jelly (D:6)
  A human zombie (Ossuary)
  An orc priest (D:7)
  4 gnoll shamans
  Ijyb (D:3)
  An iguana (D:6)
  3 orc wizards
  A killer bee zombie (D:7)
  3 mummies (Ossuary)
  A howler monkey zombie (D:7)
  Robin (D:3)
  18 gnolls
  7 adders
  A shadow imp (D:5)
  A white imp (D:8)
  A worm (D:3)
  A dart slug (D:1)
  20 orcs
  7 ball pythons
  15 bats
  4 endoplasms
  5 giant cockroaches
  2 gnoll zombies (Ossuary)
  20 goblins
  9 hobgoblins
  7 quokkas
  6 frilled lizards
  3 goblin zombies (Ossuary)
  7 kobolds
  A kobold zombie (Ossuary)
  An orc zombie (Ossuary)
  7 rats
205 creatures vanquished.

Vanquished Creatures (others)
  A gnoll (D:6)
  4 demonic plants (Gauntlet)
  A plant (D:2)
6 creatures vanquished.

Grand Total: 211 creatures vanquished

Notes
Turn   | Place    | Note
-------+----------+-------------------------------------------
     0 | D:1      | zishaf the Naga Hunter began the quest for the Orb.
     0 | D:1      | Reached XP level 1. HP: 19/19 MP: 1/1
   158 | D:1      | Reached XP level 2. HP: 26/26 MP: 2/2
   234 | D:1      | Reached skill level 4 in Bows
   393 | D:1      | Found Ynal's Distillery.
  1039 | D:2      | Reached XP level 3. HP: 33/33 MP: 3/3
  1124 | D:2      | Reached XP level 4. HP: 32/40 MP: 4/4
  2116 | D:3      | Reached skill level 5 in Bows
  2127 | D:3      | Noticed Robin
  2141 | D:2      | Reached XP level 5. HP: 29/49 MP: 5/5
  2174 | D:3      | Noticed a phantom
  2185 | D:3      | Killed a phantom
  2323 | D:3      | Found a glowing drain.
  2486 | Sewer    | Entered a sewer
  2515 | Sewer    | Noticed Pargi
  2519 | Sewer    | Killed Pargi
  2520 | Sewer    | Reached skill level 6 in Bows
  2520 | Sewer    | Reached XP level 6. HP: 57/57 MP: 6/6
  2661 | D:3      | Killed Robin
  2733 | D:3      | Found Ozoenir's Magic Scroll Emporium.
  3101 | D:3      | Noticed Ijyb
  3110 | D:3      | Killed Ijyb
  4002 | D:5      | Entered Level 5 of the Dungeon
  4025 | D:5      | Reached XP level 7. HP: 43/66 MP: 7/7
  4260 | D:5      | Noticed Edmund
  4273 | D:5      | HP: 2/66 [Edmund/+2 dire flail of protection (11)]
  4275 | D:5      | Killed Edmund
  4685 | D:5      | Noticed Sigmund
  4746 | D:5      | Reached skill level 7 in Bows
  5100 | D:5      | Reached skill level 5 in Fighting
  5545 | D:5      | Reached XP level 8. HP: 33/74 MP: 8/8
  5826 | D:5      | Noticed Prince Ribbit
  5857 | D:5      | Killed Prince Ribbit
  5858 | D:5      | Reached skill level 8 in Bows
  6681 | D:6      | Found a stormy altar of Qazlal.
  6937 | D:6      | Noticed a troll
  6948 | D:6      | Killed a troll
  6949 | D:6      | Reached skill level 9 in Bows
  7220 | D:6      | Reached XP level 9. HP: 72/85 MP: 9/9
  7435 | D:6      | Noticed Pikel
  7465 | D:6      | Killed Pikel
  7795 | D:6      | Found a broken altar of Ashenzari.
  7798 | D:6      | Found an ornate altar of the Wu Jian Council.
  7906 | D:6      | Found a glowing silver altar of Zin.
  8024 | D:6      | Found a large runed translucent door.
  8025 | D:6      | Found a large runed translucent door.
  8092 | D:6      | Reached skill level 10 in Bows
  8135 | D:6      | Found a hide-covered altar of Uskayaw.
  8598 | D:6      | HP: 3/129 [gnoll/+0 club (7)]
  8600 | D:6      | HP: 1/129 [gnoll/+0 club (1)]
  8670 | D:7      | Found a staircase to the Ecumenical Temple.
  8688 | D:7      | HP: 3/121 [wight/+3 scimitar (4)]
  8739 | D:7      | Found a sand-covered staircase.
  8936 | Ossuary  | Entered an ossuary
  9446 | Temple   | Entered the Ecumenical Temple
  9562 | Temple   | Became a worshipper of Cheibriados the Contemplative
  9764 | D:7      | Reached skill level 1 in Invocations
  9931 | D:7      | Found a basalt altar of Yredelemnul.
  9994 | D:7      | Reached * piety under Cheibriados
  9995 | D:7      | Reached XP level 10. HP: 80/96 MP: 11/11
 10075 | D:7      | Reached skill level 11 in Bows
 10269 | D:7      | Found a bloodstained altar of Trog.
 11514 | D:8      | Noticed a two-headed ogre
 11527 | D:8      | Killed a two-headed ogre
 11808 | D:8      | You are sucked into a shaft and drop 3 floors!
 11808 | D:11     | Found a gate leading to a gauntlet.
 11816 | Gauntlet | Entered a Gauntlet
 11816 | Gauntlet | Found a transporter.
 11816 | Gauntlet | Found a transporter.
 11816 | Gauntlet | Found a transporter.
 11821 | Gauntlet | Found a transporter.
 11822 | Gauntlet | Found a transporter.
 11832 | Gauntlet | Found a transporter.
 11914 | Gauntlet | Found a transporter.
 11915 | Gauntlet | Found a transporter.
 11920 | Gauntlet | Found a transporter.
 11922 | Gauntlet | Found a transporter.
 11943 | Gauntlet | Found a transporter.
 12037 | Gauntlet | Found a transporter.
 12124 | Gauntlet | Slain by a meliai simulacrum

Illustrated notes

Levels and vault maps discovered:
D:1:      giann_horns, layout_basic, serial_shops, shop
D:2:      cheibrodos_old_hovel, layout_loops_ring, serial_rivers,
          chequers_serial_rivers_micro_b, chequers_serial_rivers_small_3,
          chequers_serial_rivers_large_a, chequers_serial_rivers_micro_c,
          chequers_serial_rivers_small_3, chequers_serial_rivers_micro_b
D:3:      layout_basic, gup_sewer_entry_bubbles, serial_shops,
          nicolae_shop_hallway_plus, solitary_fountain, minmay_door_square,
          minmay_strange_pillars, st_stairs_1, hangedman_decor_growths,
          uniq_robin, uniq_ijyb
D:4:      layout_basic
D:5:      layout_basic, minmay_ogre_servants, uniq_sigmund, uniq_edmund,
          uniq_prince_ribbit1
D:6:      layout_basic, cheibrodos_ashenzari_chains,
          mainiacjoe_overflow_small_starburst, kennysheep_mini_moat,
          grunt_qazlal_clouds, zin_statuary, jmf_multi_god_temple2, uniq_pikel
D:7:      layout_basic, mainiacjoe_overflow_paths,
          nicolae_yredelemnul_corpse_copse, minmay_temple_entry_grid,
          nicolae_ossuary_entry_false_entrances, corexii_hall_statues_x
D:8:      layout_loops_cross, corner_web_ring
D:11:     layout_loops_ring, erik_orc_2, gauntlet_entry_generic, uniq_snorg,
          uniq_maurice, uniq_lodul
Temple:   hc_temple_tempest_star
Gauntlet: gammafunk_gauntlet_shortcut [gammafunk_gauntlet_arena_spirals,
          gammafunk_gauntlet_arena_grid, gammafunk_gauntlet_arena_mazey,
          gammafunk_gauntlet_arena_split_x, gammafunk_gauntlet_arena_corners,
          nicolae_gauntlet_arena_flowing_pool,
          dreamdust_gauntlet_exit_labyrinth]

Skill      XL: |  1  2  3  4  5  6  7  8  9 10 |
---------------+-------------------------------+-----
Bows           | 4 5 6 7 9 10 11 | 11.4
Fighting       | 3 4 5 6 8 |  8.6
Invocations    | 1 3 |  3.5
Dodging        | |  1.5
Stealth        | |  1.5

Action                   |  1- 3 |  4- 6 |  7- 9 | 10-12 || total
-------------------------+-------+-------+-------+-------++-------
Melee: Dagger            |       |   100 |   267 |    61 ||   428
       Punch             |       |     1 |     7 |     3 ||    11
 Fire: Shortbow          |    50 |   120 |   116 |    57 ||   343
Invok: Bend Time         |       |       |       |     1 ||     1
 Abil: Spit Poison       |     3 |     4 |    11 |     1 ||    19
Evoke: Wand              |       |     4 |    11 |       ||    15
  Use: Scroll            |       |    14 |     5 |     2 ||    21
       Potion            |       |     1 |     2 |     1 ||     4
 Stab: Sleeping          |       |     3 |     3 |       ||     6
Armor: Leather armour    |     1 |    29 |    98 |    34 ||   162
       Skin              |       |    29 |       |       ||    29
Dodge: Dodged            |     1 |    61 |   148 |    55 ||   265
Block: Other             |       |       |       |    11 ||    11

Table legend: (Time is in decaauts)
 A = Elapsed time spent in this place.
 B = Non-inter-level travel time spent in this place.
 C = Inter-level travel time spent in this place.
 D = Time resting spent in this place.
 E = Time spent auto-exploring this place.
 F = Levels seen in this place.
 G = Mean time per level.
                   A        B        C        D        E       F      G
               +--------+--------+--------+--------+--------+-----+--------+
         Total |  15308 |  14867 |    441 |   2168 |   9998 |  13 | 1177.5 |
       Dungeon |  13998 |  13611 |    387 |   2160 |   9484 |   9 | 1555.3 |
        Temple |    222 |    169 |     53 |      0 |    139 |   1 |  222.0 |
         Sewer |    115 |    115 |      0 |      0 |     23 |   1 |  115.0 |
       Ossuary |    373 |    373 |      0 |      8 |    245 |   1 |  373.0 |
      Gauntlet |    598 |    598 |      0 |      0 |    106 |   1 |  598.0 |
               +--------+--------+--------+--------+--------+-----+--------+

Top non-repeatable levels by time:
     D:5: 2945 daAuts
     D:6: 2593 daAuts
     D:7: 2504 daAuts
     D:2: 1425 daAuts
     D:3: 1405 daAuts
     D:1: 1385 daAuts
     D:4: 899 daAuts
     D:8: 826 daAuts
Gauntlet: 598 daAuts
 Ossuary: 373 daAuts
  Temple: 222 daAuts
   Sewer: 115 daAuts
    D:11: 13 daAuts
